 Dungeon Crawl Stone Soup version 0.24.0-35-gdb84b6a5db (webtiles) character file.

Game seed: 15017508856698619952, levelgen mode: deterministic

44 grindst0ne the Ducker (level 3, 0/39 HPs)
             Began as an Octopode Fighter on Nov 18, 2019.
             Succumbed to an adder's poison
             ... on level 2 of the Dungeon.
             The game lasted 00:02:03 (808 turns).

grindst0ne the Ducker (Octopode Fighter)             Turns: 808, Time: 00:02:04

Health: 0/39       AC: 21    Str: 15    XL:     3   Next: 62%
Magic:  3/3        EV:  2    Int: 15    God:
Gold:   106        SH:  9    Dex: 14    Spells: 2/2 levels left

rFire    . . .     SeeInvis .   a - +0 war axe
rCold    . . .     Gourm    .   b - +0 shield
rNeg     + + +     Faith    .   (helmet currently unavailable)
rPois    +         Spirit   .   (no amulet)
rElec    .         Reflect  .   (no ring)
rCorr    .         Harm     .   (no ring)
MR       .....     NoTele   +   (no ring)
Stlth    ++........             (no ring)
HPRegen  0.13/turn              (no ring)
MPRegen  0.08/turn              (no ring)
                                (no ring)
                                (no ring)

@: brilliant, lethally poisoned (0 -> -1), tree-form
A: almost no armour, stealthy swim, (amphibious), 8 rings, (constrict 8), agile
1
a: no special abilities


You were on level 2 of the Dungeon.
You were not hungry.
You were a tree.
You visited 1 branch of the dungeon, and saw 2 of its levels.

You collected 106 gold pieces.

Inventory:

Hand Weapons
 a - a +0 war axe (weapon)
Armour
 b - a +0 shield (worn)
Scrolls
 g - a scroll of enchant armour {unknown}
 h - a scroll of identify {unknown}
Potions
 c - a potion of might
Comestibles
 d - 2 rations
 f - a chunk of flesh


   Skills:
 - Level 3.0 Fighting
 + Level 2.5 Axes
 + Level 3.4 Dodging
 + Level 2.0 Stealth
 + Level 3.4 Shields


You had 2 spell levels left.
You didn't know any spells.
Your spell library was empty.

Dungeon Overview and Level Annotations

Branches:
Dungeon (2/15)

Altars:


Innate Abilities, Weirdness & Mutations

You cannot wear most types of armour.
You are very stealthy in the water. (Stealth+)
((You are amphibious.))
You can wear up to eight rings at the same time.
((You can use your tentacles to constrict eight enemies at once.))
((Your skin changes colour to match your surroundings (Stealth+).))
((Your rubbery body absorbs attacks. (AC +1, EV +1)))
You are agile. (Dex +2)


Message History

You slash the adder!
You kill the adder!
Your Stealth skill increases to level 2!
* * * LOW HITPOINT WARNING * * *
You feel sick.
Really quaff the potion of mutation?
You feel extremely strange.
Your magical essence no longer links to wands of the dungeon.
Your regeneration stops near monsters.
You begin to regenerate regardless of the presence of monsters.
Okay, then.
There is a lethal amount of poison in your body!
* * * LOW HITPOINT WARNING * * *
You feel sick.
* * * LOW HITPOINT WARNING * * *
You feel sick.
Unknown command.
* * * LOW HITPOINT WARNING * * *
You feel sick.
You die...

.. # #.# #.#.##
##.#... .....#
#######..#######
#.....#........# #
##†#†##..#####.# #
#♣$.??#..# ##.###
#.###.###..# #.....
#..........# #.....
##.###.....####.....
# .................
#######...........
#..####.....
#..####.....
#.......<...


There were no monsters in sight!

Vanquished Creatures
  2 adders (D:2)
  2 leopard geckos (D:1)
  3 goblins (D:1)
  4 hobgoblins
  A jackal (D:2)
  5 bats (D:1)
  3 kobolds (D:1)
  4 rats
24 creatures vanquished.

Notes
Turn   | Place    | Note
-------+----------+-------------------------------------------
     0 | D:1      | grindst0ne the Octopode Fighter began the quest for the
                  | Orb.
     0 | D:1      | Reached XP level 1. HP: 16/16 MP: 1/1
    40 | D:1      | Reached skill level 1 in Stealth
    40 | D:1      | Reached XP level 2. HP: 21/21 MP: 2/2
   710 | D:2      | Reached XP level 3. HP: 23/26 MP: 3/3
   789 | D:2      | Gained mutation: You expend magic power (3 MP) to
                  | strengthen your wands. [potion of mutation]
   789 | D:2      | Gained mutation: You are agile. (Dex +2) [potion of
                  | mutation]
   795 | D:2      | Lost mutation: You expend magic power (3 MP) to strengthen
                  | your wands. [potion of mutation]
   795 | D:2      | Gained mutation: You do not regenerate when monsters are
                  | visible. [potion of mutation]
   795 | D:2      | Lost mutation: You do not regenerate when monsters are
                  | visible. [potion of mutation]
   800 | D:2      | HP: 1/39 [poisoned by an adder]
   808 | D:2      | Succumbed to an adder's poison

Levels and vault maps discovered:
D:1:      saegor_arrival_simple_b, layout_loops_ring
D:2:      layout_loops_ring, nicolae_overflow_crystal_walls, elyvilon_altar_4,
          old_standard_altar, minmay_split_cup_large

Skill      XL: |  1  2  3 |
---------------+----------+-----
Stealth        | 1 2 |  2.0
Fighting       | |  3.0
Axes           | |  2.5
Dodging        | |  3.4
Shields        | |  3.4

Action                   || total
-------------------------++-------
Melee: War axe           ||    47
       Constrict         ||    11
       Tentacles         ||     8
  Use: Potion            ||     4
 Stab: Sleeping          ||     4
Armor: Skin              ||     8
Dodge: Dodged            ||    37
Block: Shield            ||    34
